 Dungeon Crawl Stone Soup version 0.18.1-1-g2f07953 (webtiles) character file.

137 Wooh the Ducker (level 5, 0/27 HPs)
             Began as a Spriggan Abyssal Knight on May 6, 2016.
             Was a Believer of Lugonu.
             Killed by nerve-wracking pain
             ... invoked by Grinder
              (12 damage)
             ... on level 3 of the Dungeon.
             The game lasted 00:08:54 (3755 turns).

Wooh the Ducker (Spriggan Abyssal Knight)           Turns: 3755, Time: 00:08:55

Health: 0/27       AC:  2    Str:  9    XL:     5   Next: 0%
Magic:  7/7        EV: 20    Int: 13    God:    Lugonu [**....]
Gold:   119        SH:  0    Dex: 16    Spells: 0 memorised, 4 levels left

rFire  . . .     SeeInvis +     a - +1 short sword
rCold  . . .     Gourm    .     b - +0 robe
rNeg   . . .     Faith    .     (shield restricted)
rPois  .         Spirit   .     (helmet restricted)
rElec  .         Dismiss  .     (no cloak)
rCorr  .         Reflect  .     (gloves unavailable)
SustAt .         Harm     .     (boots unavailable)
MR     .....                    (no amulet)
Stlth  +++.......               (no ring)
                                (no ring)

@: very quick, not resistant to hostile enchantments, fairly stealthy
A: unfitting armour, see invisible, herbivore 3, speed 3, slow metabolism 2
a: Depart the Abyss, Bend Space, Renounce Religion


You were on level 3 of the Dungeon.
You worshipped Lugonu.
Lugonu was pleased with you.
You were full.

You visited 1 branch of the dungeon, and saw 3 of its levels.
You visited the Abyss 1 time.

You collected 119 gold pieces.

Inventory:

Hand Weapons
 a - a +1 short sword (weapon)
Armour
 b - a +0 robe (worn)
Jewellery
 m - a cursed ring of teleportation {unknown}
Scrolls
 d - 4 scrolls of identify {unknown}
 e - a scroll of recharging {unknown}
 h - a scroll of remove curse {unknown}
 i - a scroll of random uselessness {unknown}
 k - a scroll of magic mapping {unknown}
 l - a scroll of blinking {unknown}
 p - a scroll of teleportation {unknown}
 q - a scroll of immolation {unknown}
Potions
 f - 2 potions of brilliance {unknown}
 g - a potion of lignification {unknown}
 j - a potion of degeneration {unknown}
 n - 2 potions of haste {unknown}
 o - a potion of heal wounds {unknown}
Comestibles
 c - 2 bread rations


   Skills:
 - Level 2.4 Fighting
 + Level 4.1 Short Blades
 - Level 5.1 Dodging
 + Level 2.9 Stealth
 - Level 2.2 Invocations


You had 4 spell levels left.
You didn't know any spells.

Dungeon Overview and Level Annotations

Branches:
Dungeon (3/15)

Altars:

Annotations:
D:3 Grinder


Innate Abilities, Weirdness & Mutations

You are tiny and cannot use many weapons and most armour.
You have supernaturally acute eyesight.
You are a herbivore.
You cover ground extremely quickly.
You need consume almost no food.


Message History

The quokka is lightly wounded.
The quokka misses you.
You hit the quokka.
The quokka is almost dead.
The quokka closely misses you.
You hit the quokka.
You kill the quokka!
Lugonu accepts your kill.
You have reached level 5!
You feel agile.
Grinder blinks!
You start resting.
Grinder blinks!
Things that are here:
a club; a hobgoblin skeleton You start resting.
You see here a giant newt skeleton.
Grinder gestures at you. Pain shoots through your body!
You die...

#.........#.##.##.#.## #.###.#.
#.....##..#........... ........
#.....##(%###..##############.#.
#............>.(................
#.......#.###.##.....## #####.#'
####'#......#.....###########...
...##.#.#.#..........)........
#........#.#..#############....
#...####.#.#..@......######.#..
#... #.#.##÷#...÷.........#.. #.
#.#.##.#.#..#.#####..#.. #
#.#.##)#..........#.....
#.#.##5######.###.#.####
#5#.##........###.#.#
#.#'#######.........#
#.†.................#
#......w............####


You could see Grinder.

Vanquished Creatures
  The ghost of grippy the Caller, a weakling TeSu of Nemelex Xobeh (D:3)
  2 adders
  An ooze (D:2)
  3 worms
  3 dart slugs (D:1)
  A giant gecko (D:1)
  10 bats
  A giant cockroach (D:1)
  12 goblins
  10 hobgoblins
  7 kobolds
  3 quokkas
  A ball python (D:1)
  6 giant newts
  4 rats
65 creatures vanquished.

Notes
Turn   | Place    | Note
--------------------------------------------------------------
     0 | Abyss:1  | Wooh the Spriggan Abyssal Knight began the quest for the Orb.
     0 | Abyss:1  | Reached XP level 1. HP: 11/11 MP: 3/3
    79 | Abyss:1  | Noticed a large abomination
   107 | Abyss:1  | Noticed a thrashing horror
   112 | D:1      | Escaped the Abyss
   453 | D:1      | Reached * piety under Lugonu
   454 | D:1      | Reached skill level 4 in Dodging
   689 | D:1      | Reached XP level 2. HP: 9/16 MP: 4/4
  1115 | D:1      | Reached skill level 5 in Dodging
  1173 | D:1      | Reached skill level 1 in Stealth
  1491 | D:1      | Reached XP level 3. HP: 19/19 MP: 5/5
  1690 | D:1      | Reached ** piety under Lugonu
  2814 | D:2      | Reached XP level 4. HP: 23/23 MP: 6/6
  3316 | D:3      | Noticed grippy's ghost (weakling TeSu)
  3331 | D:3      | Killed grippy's ghost
  3363 | D:3      | Noticed Grinder
  3734 | D:3      | Reached XP level 5. HP: 10/27 MP: 7/7
  3755 | D:3      | Killed from afar by Grinder

Skill      XL: |  1  2  3  4 |
---------------+-------------+-----
Dodging        | 4 5 |  5.1
Stealth        | 1 2 |  2.9
Invocations    | 2 |  2.2
Short Blades   | 4 |  4.1
Fighting       | |  2.4

Action                   |  1- 3 |  4- 6 || total
-------------------------+-------+-------++-------
Melee: Short sword       |   178 |    94 ||   272
Invok: Depart the Abyss  |     1 |       ||     1
 Stab: Sleeping          |     2 |     7 ||     9
  Eat: Bread ration      |       |     1 ||     1
Armor: Robe              |    13 |     1 ||    14
Dodge: Dodged            |   151 |    66 ||   217
